 Dungeon Crawl Stone Soup version 0.25.1-2-g60ff931df9 (webtiles) character file.

Game seed: 15226181784600567568

65 Curus the Cudgeler (level 4, -1/40 HPs)
             Began as a Hill Orc Monk on Sept 2, 2020.
             Slain by an adder (2 damage)
             ... on level 2 of the Dungeon.
             The game lasted 00:05:08 (1422 turns).

Curus the Cudgeler (Hill Orc Monk)                  Turns: 1422, Time: 00:05:09

Health: -1/40      AC:  4    Str: 12 (13) XL:     4   Next: 13%
Magic:  4/4        EV: 12    Int:  9 (10) God:
Gold:   126        SH:  0    Dex:  9 (10) Spells: 3/3 levels left

rFire    . . .     SeeInvis .   a - +0 mace
rCold    . . .     Gourm    .   (no shield)
rNeg     . . .     Faith    .   f - +0 leather armour
rPois    .         Spirit   .   (no helmet)
rElec    .         Reflect  .   (no cloak)
rCorr    .         Harm     .   (no gloves)
MR       .....                  (no boots)
Stlth    +.........             (no amulet)
HPRegen  0.53/turn              e - -4 ring of dexterity (curse)
MPRegen  0.09/turn              (no ring)

@: lethally poisoned (-1 -> -3)
A: rugged brown scales 1, regeneration 1, screaming 1
a: no special abilities


You were on level 2 of the Dungeon.
You were not hungry.

You visited 1 branch of the dungeon, and saw 2 of its levels.

You collected 126 gold pieces.

Inventory:

Hand Weapons
 a - a +0 mace (weapon)
Armour
 b - a +1 robe
 f - a +0 leather armour (worn)
Jewellery
 e - a cursed -4 ring of dexterity (left hand)
Scrolls
 g - a scroll of magic mapping
Comestibles
 c - 4 rations
 d - 10 chunks of flesh


   Skills:
 - Level 3.6 Fighting
 + Level 5.3 Maces & Flails
 - Level 2.4 Dodging
 - Level 1.5 Stealth


You had 3 spell levels left.
You didn't know any spells.
Your spell library was empty.

Dungeon Overview and Level Annotations

Branches:
Dungeon (2/15)

Altars:
Nemelex Xobeh


Innate Abilities, Weirdness & Mutations

You are partially covered in rugged brown scales. (AC +1, +3% HP)
Your natural rate of healing is unusually fast.
You occasionally shout uncontrollably at your foes.


Message History

* * * LOW HITPOINT WARNING * * *
You are more poisoned.
The adder poisons you!
You barely miss the adder.
The adder is heavily wounded.
You feel sick. The adder closely misses you.
You closely miss the adder.
The adder is heavily wounded.
You feel sick. The adder bites you.
* * * LOW HITPOINT WARNING * * *
The adder bites you but does no damage.
You barely miss the adder.
The adder is heavily wounded.
You feel sick. The adder bites you.
* * * LOW HITPOINT WARNING * * *
You hit the adder.
The adder is almost dead.
* * * LOW HITPOINT WARNING * * *
You feel sick. The adder bites you.
You die...

#.###..#### ### ####.###
#...#..'..####..#######.......
#####..#........#..........###
# #........#.##########
#..##'#..#.# ####..####.#
#.)8###### ##÷.÷....### ####
#S@.....'.######...
#..8######.......... #..##
########... ##'# #..# ... #..#
.... #..# ##### #..# #..# #..#


You could see an adder.

Vanquished Creatures
  An adder (D:2)
  An ooze (D:2)
  3 worms (D:2)
  A dart slug (D:2)
  4 leopard geckos
  An orc (D:2)
  2 bats
  2 giant cockroaches (D:2)
  4 goblins
  5 hobgoblins
  A ball python (D:2)
  3 frilled lizards
  4 kobolds
  5 rats
37 creatures vanquished.

Notes
Turn   | Place    | Note
-------+----------+-------------------------------------------
     0 | D:1      | Curus the Hill Orc Monk began the quest for the Orb.
     0 | D:1      | Reached XP level 1. HP: 19/19 MP: 1/1
   298 | D:1      | Reached XP level 2. HP: 24/26 MP: 2/2
   352 | D:1      | Reached skill level 4 in Maces & Flails
   465 | D:1      | Gained mutation: You are partially covered in rugged brown
                  | scales. (AC +1, +3% HP) [potion of mutation]
   465 | D:1      | Gained mutation: You occasionally shout uncontrollably at
                  | your foes. [potion of mutation]
   465 | D:1      | Gained mutation: Your natural rate of healing is unusually
                  | fast. [potion of mutation]
   928 | D:2      | Reached XP level 3. HP: 28/31 MP: 3/3
   934 | D:2      | Found a sparkling altar of Nemelex Xobeh.
  1118 | D:2      | Reached skill level 5 in Maces & Flails
  1364 | D:2      | Reached XP level 4. HP: 40/40 MP: 4/4
  1421 | D:2      | HP: 1/40 [adder (5)]
  1422 | D:2      | Slain by an adder

Illustrated notes

Levels and vault maps discovered:
D:1:      dpeg_arrival_castle, layout_loops_ring, minmay_fountain_box
D:2:      minmay_chambers_of_twos, layout_loops_ring, minmay_misc_feat_columns,
          nemelex_dance_club_becter

Skill      XL: |  1  2  3 |
---------------+----------+-----
Maces & Flails | 4 5 |  5.3
Fighting       | |  3.6
Dodging        | |  2.4
Stealth        | |  1.5

Action                   |  1- 3 |  4- 6 || total
-------------------------+-------+-------++-------
Melee: Mace              |   122 |    36 ||   158
  Use: Scroll            |     3 |       ||     3
       Potion            |     4 |       ||     4
  Eat: Chunk             |     2 |       ||     2
Armor: Leather armour    |    22 |     5 ||    27
Dodge: Dodged            |    68 |    20 ||    88
